 Dungeon Crawl Stone Soup version 0.19.1-1-g22dce08 (webtiles) character file.

35 Boing the Sneak (level 3, 0/16 HPs)
             Began as a Spriggan Enchanter on Jan 15, 2017.
             Succumbed to Robin's poison
             ... on level 2 of the Dungeon.
             The game lasted 00:07:02 (1676 turns).

Boing the Sneak (Spriggan Enchanter)                Turns: 1676, Time: 00:07:03

Health: 0/16       AC:  3    Str:  4    XL:     3   Next: 17%
Magic:  4/8        EV: 19    Int: 16    God:
Gold:   53         SH:  0    Dex: 17    Spells: 3 memorised, 2 levels left

rFire  x . .     SeeInvis +     a - +2 dagger
rCold  + . .     Gourm    .     b - +1 robe
rNeg   . . .     Faith    .     (shield restricted)
rPois  .         Spirit   .     (helmet restricted)
rElec  .         Reflect  .     (no cloak)
rCorr  .         Harm     .     (gloves unavailable)
MR     .....                    (boots unavailable)
Stlth  +++.......               (no amulet)
                                (no ring)
                                i - ring of ice

@: lethally poisoned (0 -> -7), very quick
A: unfitting armour, see invisible, herbivore 3, speed 3, slow metabolism 2
a: no special abilities


You were on level 2 of the Dungeon.
You were not hungry.

You visited 1 branch of the dungeon, and saw 2 of its levels.

You collected 53 gold pieces.

Inventory:

Hand Weapons
 a - a +2 dagger (weapon)
Armour
 b - a +1 robe (worn)
 g - a +0 cloak
Jewellery
 i - a ring of ice (left hand)
Scrolls
 f - 2 scrolls of teleportation {unknown}
 h - 2 scrolls of identify {unknown}
 j - a scroll of recharging {unknown}
Books
 c - a book of Maledictions

   Spells                             Type                      Level
   a - Corona                         Hexes                        1
   b - Ensorcelled Hibernation        Hexes/Ice                    2
   c - Confuse                        Hexes                        3
   d - Tukima's Dance                 Hexes                        3
   e - Dazzling Spray                 Conjuration/Hexes            3
Comestibles
 d - a bread ration


   Skills:
 + Level 1.3 Short Blades
 + Level 3.5 Dodging
 + Level 4.8 Stealth
 + Level 3.1 Spellcasting
 + Level 4.2 Hexes
 + Level 0.1 Ice Magic


You had 2 spell levels left.
You knew the following spells:

 Your Spells              Type           Power        Failure   Level  Hunger
a - Corona                Hex            ###....      3%          1    None
b - Ensorcelled Hibernat  Hex/Ice        ##....       14%         2    ##.....
c - Dazzling Spray        Conj/Hex       #.....       28%         3    ###....


Dungeon Overview and Level Annotations

Branches:
Dungeon (2/15)

Altars:

Annotations:
D:2 Robin


Innate Abilities, Weirdness & Mutations

You are very small and have problems with some larger weapons.
You are too small for most types of armour.
You have supernaturally acute eyesight. (SInv)
You are a herbivore.
You cover ground extremely quickly.
You need consume almost no food.


Message History

Robin says, "Kneel, worm!"
* * * LOW HITPOINT WARNING * * *
You feel sick.
* * * LOW HITPOINT WARNING * * *
You feel sick.
* * * LOW HITPOINT WARNING * * *
You feel sick.
You see here 4 fruits.
The hobgoblin no longer looks unusually strong.
A giant cockroach comes into view.
* * * LOW HITPOINT WARNING * * *
You feel sick.
A bat comes into view.
You aren't carrying any potions.
A bat comes into view.
Found a robe.
Found a stone staircase leading down.
As you read the scroll labeled DIEGRIEHI, it crumbles to dust.
It is a scroll of enchant weapon.
Your +1 dagger glows red for a moment.
You die...

######+#..[.......##
###.........#####
+..............
#..............
#..............
##########..%..........>
#......gg..##..........[
#.......g..##.h.......b.
#....).....##...@....s..
'..........+............
#..).......##.......####
#..........##.......#
#.<.)......##.........
#...รท......##..........
#..........##...........
...........##.b.....####
...##...####


You could see a jackal, a giant cockroach (sleeping) and 2 bats.

Vanquished Creatures
  A dart slug (D:1)
  A leopard gecko (D:1)
  3 giant cockroaches (D:1)
  8 goblins
  5 hobgoblins
  2 jackals
  A ball python (D:1)
  4 bats
  2 frilled lizards (D:2)
  A rat (D:2)
28 creatures vanquished.

Notes
Turn   | Place    | Note
-------+----------+-------------------------------------------
     0 | D:1      | Boing the Spriggan Enchanter began the quest for the Orb.
     0 | D:1      | Reached XP level 1. HP: 9/9 MP: 5/5
   419 | D:1      | Reached XP level 2. HP: 3/13 MP: 6/6
   423 | D:1      | Learned a level 2 spell: Ensorcelled Hibernation
  1323 | D:2      | Noticed Robin
  1354 | D:2      | Reached XP level 3. HP: 7/16 MP: 4/8
  1631 | D:2      | Learned a level 3 spell: Dazzling Spray
  1676 | D:2      | Succumbed to Robin's poison

Skill      XL: |  1  2 |
---------------+-------+-----
Hexes          | 4 |  4.2
Spellcasting   | 3 |  3.1
Short Blades   | |  1.3
Dodging        | |  3.5
Stealth        | |  4.8
Ice Magic      | |  0.1

Action                   || total
-------------------------++-------
Melee: Dagger            ||   137
 Cast: Ensorcelled Hiber ||     7
       Corona            ||     4
       Dazzling Spray    ||     2
  Use: Scroll            ||     1
 Stab: Sleeping          ||     8
Armor: Robe              ||    21
Dodge: Dodged            ||   146
